 Dungeon Crawl Stone Soup version 0.30-a0-373-gd37427bb62 (webtiles) character file.

Game seed: 10861578547990829206

48 qeuew the Shield-Bearer (level 4, -1/37 HPs)
             Began as a Formicid Fighter on Nov 24, 2022.
             Slain by a goblin
             ... wielding a +0 dagger
             ... led by Robin
              (4 damage)
             ... on level 2 of the Dungeon.
             The game lasted 00:01:39 (603 turns).

qeuew the Shield-Bearer (Formicid Fighter)           Turns: 603, Time: 00:01:40

Health: -1/37      AC:  7    Str: 19 (21) XL:     4   Next: 0%
Magic:  0/4        EV:  9    Int:  3 (5)  God:
Gold:   36         SH:  5    Dex: 15      Spells: 3/3 levels left

rFire   . . .      SeeInvis +    a - +1 war axe
rCold   . . .      Faith    .    c - +0 buckler
rNeg    . . .      Spirit   +    b - +0 scale mail
rPois   .          Reflect  .    (helmet unavailable)
rElec   .          Harm     .    (no cloak)
rCorr   .          Rampage  .    (no gloves)
Will    .....                    (no boots)
Stlth   ..........               f - amulet of guardian spirit
HPRegen 0.26/turn                (no ring)
MPRegen 0.09/turn                (no ring)

@: mighty
A: permanent stasis, dig shafts and tunnels, antennae 3, four strong arms, dopey
1, wild magic 1
a: Dig, Shaft Self


You were on level 2 of the Dungeon.
You visited 1 branch of the dungeon, and saw 2 of its levels.

You collected 36 gold pieces.

Inventory:

Hand Weapons
 a - a +1 war axe (weapon)
Armour
 b - a +0 scale mail (worn)
 c - a +0 buckler (worn)
Jewellery
 f - an amulet of guardian spirit (around neck)
Scrolls
 e - a scroll of teleportation {unknown}


   Skills:
 * Level 3.7 Fighting
 * Level 2.4 Axes
 * Level 3.7 Armour
 + Level 0.7 Dodging
 * Level 4.6 Shields


You had 3 spell levels left.
You didn't know any spells.
Your spell library contained the following spells:

 Spells                   Type           Power      Damage    Failure   Level
 Cigotuvi's Dreadful Rot  Necr/Pois/Air  0%         N/A       98%         2
 Poisonous Vapours        Pois/Air       0%         N/A       98%         2
 Mephitic Cloud           Conj/Pois/Air  0%         N/A       100%        3
 Leda's Liquefaction      Hex/Erth       0%         N/A       100%        4
 Lee's Rapid Deconstruct  Erth           0%         3d4*      100%        5
 Statue Form              Tmut/Erth      0%         N/A       100%        6


Dungeon Overview and Level Annotations

Branches:
Dungeon (2/15)

Altars:

Annotations:
D:2 Robin


Innate Abilities, Weirdness & Mutations

You cannot be hasted, slowed, berserked, paralysed or teleported.
You can dig through walls and to a lower floor.
You have a pair of large antennae on your head. (SInv)
Your four strong arms can wield two-handed weapons with a shield.
You are dopey. (Int -2)
Your spells are a little harder to cast, but a little more powerful.


Message History

You closely miss the goblin. You barely miss the goblin.
You closely miss the goblin. You hit the hobgoblin.
You kill the hobgoblin!
The goblin misses you. The goblin closely misses you.
The hobgoblin completely misses you. The goblin hits you with a +0 dagger.
* * * LOW HITPOINT WARNING * * *
The goblin barely misses you. The goblin closely misses you.
You hit the goblin.
You kill the goblin!
You closely miss the goblin. You miss the goblin. You barely miss the goblin.
You slash the hobgoblin!
You kill the hobgoblin!
The goblin hits you with a +0 dagger.
* * * LOW HITPOINT WARNING * * *
The goblin hits you but does no damage. Robin throws the goblin at you!
Unknown command.
You slash the goblin!
You kill the goblin!
You barely miss the goblin. You barely miss the hobgoblin.
You closely miss the goblin.
The hobgoblin hits you but does no damage.
You block the goblin's attack. The goblin completely misses you.
Robin barely misses you. The goblin hits you with a +0 dagger.
* * * LOW HITPOINT WARNING * * *
The hobgoblin barely misses you. The goblin hits you but does no damage.
The hobgoblin misses you.
You have reached level 4!
You feel stronger.
You aren't carrying any potions.
Unknown command.
You slash Robin!
Robin is heavily wounded.
You hit the hobgoblin. You slash the hobgoblin!
You kill the hobgoblin!
You slash the goblin!
You kill the goblin!
You closely miss the goblin.
The hobgoblin hits you but does no damage.
The goblin hits you with a +0 dagger.
You die...

#... ... { .##
#..# #..# #... {
{ ...# .## #...#
##...# #...
#...#+#....##...
#.#g))..#..#..#
...
#.Sg@##......#
...
####)g.......##
#.#
##.........###.#
#.......#.....#
#.......##....#
##......##.##.###
#....>..........
#.........#......
#.........#......


You could see Robin, an adder, a hobgoblin (strong) and a goblin (strong).

Vanquished Creatures
  An adder (D:2)
  A dart slug (D:1)
  3 endoplasms
  A giant cockroach (D:1)
  10 goblins
  6 hobgoblins
  5 kobolds
  A quokka (D:1)
  A bat (D:1)
  3 frilled lizards (D:1)
  2 rats
34 creatures vanquished.

Notes
Turn   | Place    | Note
-------+----------+-------------------------------------------
     0 | D:1      | qeuew the Formicid Fighter began the quest for the Orb.
     0 | D:1      | Reached XP level 1. HP: 18/18 MP: 1/1
   124 | D:1      | Reached XP level 2. HP: 17/24 MP: 2/2
   284 | D:1      | Reached XP level 3. HP: 29/29 MP: 3/3
   470 | D:1      | Gained mutation: You are dopey. (Int -2) [potion of
                  | mutation]
   470 | D:1      | Gained mutation: Your spells are a little harder to cast,
                  | but a little more powerful. [potion of mutation]
   593 | D:2      | Noticed Robin
   603 | D:2      | Reached XP level 4. HP: 3/37 MP: 1/4
   603 | D:2      | Slain by a goblin

Illustrated notes

Levels and vault maps discovered:
D:1:      roderic_chinese_lattice_arrival, layout_basic, minmay_fountain_box
D:2:      layout_rooms, basic_altar, minmay_divided_ellipse, uniq_terence,
          uniq_natasha, uniq_robin

Action                   |  1- 3 |  4- 6 || total
-------------------------+-------+-------++-------
Melee: War axe           |    62 |     1 ||    63
  Use: Potion            |     6 |       ||     6
       Scroll            |     4 |       ||     4
Armor: Scale mail        |    31 |     1 ||    32
Dodge: Dodged            |    37 |       ||    37
Block: Buckler           |    26 |       ||    26

Table legend: (Time is in decaauts)
 A = Elapsed time spent in this place.
 B = Non-inter-level travel time spent in this place.
 C = Inter-level travel time spent in this place.
 D = Time resting spent in this place.
 E = Time spent auto-exploring this place.
 F = Levels seen in this place.
 G = Mean time per level.
                   A        B        C        D        E       F      G
               +--------+--------+--------+--------+--------+-----+--------+
         Total |    628 |    590 |     38 |      0 |    410 |   2 |  314.0 |
       Dungeon |    628 |    590 |     38 |      0 |    410 |   2 |  314.0 |
               +--------+--------+--------+--------+--------+-----+--------+

Top non-repeatable levels by time:
     D:1: 526 daAuts
     D:2: 102 daAuts
